 Dungeon Crawl Stone Soup version 0.30-a0-168-g0b976cbdc4 (webtiles) character file.

Game seed: 10219875352217876507

406 qw the Chopper (level 6, -4/39 HPs)
             Began as a Gargoyle Fighter on Sept 29, 2022.
             Slain by a gnoll
             ... wielding a +0 spear
              (5 damage)
             ... on level 4 of the Dungeon.
             The game lasted 00:01:17 (3955 turns).

qw the Chopper (Gargoyle Fighter)                   Turns: 3955, Time: 00:01:17

Health: -4/39      AC:  3    Str: 21    XL:     6   Next: 87%
Magic:  6/6        EV:  7    Int:  9    God:
Gold:   179        SH:  4    Dex:  9    Spells: 5/5 levels left

rFire   . . .      SeeInvis +    Y - +2 war axe
rCold   . . .      Faith    .    c - +0 buckler
rNeg    + . .      Spirit   .    g - +0 chain mail
rPois   inf        Reflect  .    (no helmet)
rElec   +          Harm     .    (no cloak)
rCorr   .          Rampage  .    f - +1 pair of gloves
Will    .....                    (no boots)
Stlth   ..........               (no amulet)
HPRegen 0.13/turn                n - ring of see invisible
MPRegen 0.10/turn                (no ring)

@: about to teleport, corroded
A: sickness immunity, AC +4, negative energy resistance 1, electricity
resistance, torment resistance 1, petrification resistance
a: no special abilities


You were on level 4 of the Dungeon.
You visited 1 branch of the dungeon, and saw 4 of its levels.

You collected 179 gold pieces.


Innate Abilities, Weirdness & Mutations

You are immune to sickness and miasma.
Your stone body is resilient. (AC +4)
You are immune to poison.
You resist negative energy. (rN+)
You are resistant to electric shocks. (rElec)
You are resistant to unholy torment.
You are immune to petrification.


   Skills:
 - Level 4.4 Fighting
 - Level 6.0 Axes
 - Level 3.2 Armour
 + Level 0.0 Dodging
 - Level 3.2 Shields


You had 5 spell levels left.
You didn't know any spells.
Your spell library was empty.

Inventory:

Hand Weapons
 b - a +0 flail
 Y - a +2 war axe (weapon)
Armour
 c - a +0 buckler (worn)
 e - a +2 robe of resistance
 f - a +1 pair of gloves (worn)
 g - a +0 chain mail (worn)
Jewellery
 l - a ring of fire
 n - a ring of see invisible (left hand)
Scrolls
 a - a scroll of identify
 h - a scroll of poison {unknown}
Potions
 d - 2 potions of might
 o - a potion of haste {unknown}

Dungeon Overview and Level Annotations

Branches:
Dungeon (4/15)
 Temple: D:4-7

Altars:
Zin
The Shining One


Message History

You kill the ball python!
There is a stone staircase leading down here.
You open the door. 3 gnolls come into view.
The gnoll shouts! x3
Found 5 poisoned darts.
A jelly comes into view.
The jelly quivers.
There is an open door here.
A quokka comes into view.
You block the gnoll's attack. The gnoll hits you with a +0 spear.
You completely miss the gnoll. You slash the gnoll!
The gnoll hits you but does no damage. The gnoll barely misses you.
The gnoll hits you but does no damage. x3
You closely miss the gnoll.
The gnoll is heavily wounded.
You slash the gnoll! x2
You block the gnoll's attack. The gnoll hits you but does no damage.
The gnoll closely misses you.
You hit the gnoll.
You kill the gnoll!
You hit the gnoll.
You kill the gnoll!
You slash the jelly! The acid corrodes you!
Your hands burn!
You barely miss the gnoll. The jelly hits you.
You are splashed with acid!
The gnoll hits you with a +0 spear.
Your Axes skill increases to level 6!
You closely miss the gnoll.
The gnoll is severely wounded.
You hit the jelly. The acid corrodes you!
Your hands burn!
You barely miss the quokka. You block the quokka's attack. The jelly hits you.
The acid corrodes you!
You are splashed with acid!
The gnoll hits you with a +0 spear!
3955 ||| READING scroll of teleportation.
As you read the scroll of teleportation, it crumbles to dust.
You feel strangely unstable. The quokka bites you.
The jelly hits you but does no damage. The gnoll hits you with a +0 spear.
You die...

#.......#
#.......#..
#.......#.#
#.......(..
..........
#.........
######gr)......
#......@J......
#
.....##'###+#..
# ... #>###.#
###### .
#.....# .....#
#.#####..#
####.#
#......... #
#.# #.######.#
####.# #.#
.....# #.#


You could see a jelly, a gnoll and a quokka.

Vanquished Creatures
  Pargi (D:4)
  An ogre (D:4)
  A jelly (D:4)
  Jessica (D:3)
  Ijyb (D:3)
  2 gnolls (D:4)
  7 adders
  2 worms (D:2)
  2 dart slugs
  An orc (D:2)
  7 ball pythons
  5 endoplasms
  4 giant cockroaches
  3 goblins
  6 hobgoblins
  2 quokkas
  9 bats
  2 frilled lizards (D:1)
  10 kobolds
  9 rats
76 creatures vanquished.

Notes
Turn   | Place    | Note
-------+----------+-------------------------------------------
     0 | D:1      | qw the Gargoyle Fighter began the quest for the Orb.
     0 | D:1      | Reached XP level 1. HP: 14/14 MP: 1/1
     0 | D:1      | 0 ||| qw: Version: 0.2-a-12-gaebbb33
     0 | D:1      | 0 ||| qw: Game counter: 1220
     0 | D:1      | 0 ||| qw: Always use a shield: true
     0 | D:1      | 0 ||| qw: God list: Okawaru
     0 | D:1      | 0 ||| qw: Allow faded altars: false
     0 | D:1      | 0 ||| qw: Do Orc after D:15 true
     0 | D:1      | 0 ||| qw: Do second Lair branch before Depths: true
     0 | D:1      | 0 ||| qw: Lair rune preference: random
     0 | D:1      | 0 ||| qw: Plans: Normal, Zot:1-4, God:TSO, Crypt, Tomb,
                  | Pan, Slime:5, Hells, Abyss, Orb
     0 | D:1      | 0 ||| PLANNING D:1-11
    38 | D:1      | Reached skill level 2 in Axes
    61 | D:1      | 61 ||| Stepping ~*~*~tactically~*~*~ (stealth).
    62 | D:1      | 62 ||| Stepping ~*~*~tactically~*~*~ (stealth).
   266 | D:1      | Reached XP level 2. HP: 12/19 MP: 2/2
   583 | D:1      | 583 ||| Stepping ~*~*~tactically~*~*~ (stealth).
   681 | D:1      | Found a faded altar of an unknown god.
  1240 | D:1      | 1240 ||| UPGRADING to +0 pair of gloves.
  1245 | D:1      | 1245 ||| READING 2 scrolls labelled ELAOPH WIFRUXA.
  1246 | D:1      | 1246 ||| READING scroll of enchant armour.
  1246 | D:1      | 1246 ||| ENCHANTING +0 pair of gloves.
  1247 | D:1      | 1247 ||| READING scroll labelled XARGHO HOKHE.
  1252 | D:1      | 1252 ||| READING scroll labelled HEYHUHUTANG.
  1253 | D:1      | 1253 ||| READING scroll labelled IDWEFU MECVAC.
  1290 | D:2      | Reached skill level 3 in Axes
  1337 | D:2      | Reached XP level 3. HP: 23/23 MP: 3/3
  1458 | D:2      | 1458 ||| Stepping ~*~*~tactically~*~*~ (stealth).
  1654 | D:2      | Reached XP level 4. HP: 26/28 MP: 4/4
  1677 | D:2      | 1677 ||| DROPPING +0 whip.
  1711 | D:2      | Reached skill level 4 in Axes
  1765 | D:2      | 1765 ||| Stepping ~*~*~tactically~*~*~ (stealth).
  1796 | D:2      | 1796 ||| Stepping ~*~*~tactically~*~*~ (stealth).
  1799 | D:2      | 1799 ||| Stepping ~*~*~tactically~*~*~ (stealth).
  2273 | D:2      | 2273 ||| READING 2 scrolls labelled LYKHLECHE FOUMA.
  2274 | D:2      | 2274 ||| READING 2 scrolls labelled LAETOS UMIUDI.
  2275 | D:2      | 2275 ||| DRINKING 2 emerald potions.
  2276 | D:2      | 2276 ||| DRINKING 2 metallic purple potions.
  2277 | D:2      | 2277 ||| DROPPING potion of brilliance.
  2278 | D:2      | 2278 ||| DROPPING scroll of blinking.
  2279 | D:2      | 2279 ||| DROPPING potion of flight.
  2301 | D:3      | 2301 ||| STAIRDANCE
  2310 | D:3      | 2310 ||| STAIRDANCE
  2373 | D:3      | 2373 ||| Stepping ~*~*~tactically~*~*~ (hiding).
  2397 | D:3      | Noticed Jessica
  2398 | D:3      | 2398 ||| Stepping ~*~*~tactically~*~*~ (hiding).
  2404 | D:3      | Killed Jessica
  2405 | D:3      | Reached XP level 5. HP: 29/32 MP: 5/5
  2451 | D:3      | 2451 ||| Stepping ~*~*~tactically~*~*~ (stealth).
  2461 | D:3      | 2461 ||| Stepping ~*~*~tactically~*~*~ (stealth).
  2611 | D:3      | Found a glowing silver altar of Zin.
  2859 | D:3      | Noticed Ijyb
  2877 | D:3      | Killed Ijyb
  2878 | D:3      | Reached skill level 5 in Axes
  3358 | D:3      | 3358 ||| UPGRADING to +0 chain mail.
  3368 | D:3      | 3368 ||| DROPPING +0 scale mail.
  3369 | D:3      | 3369 ||| UPGRADING to ring of see invisible.
  3370 | D:3      | 3370 ||| READING scroll labelled QOIWOL NUACW.
  3371 | D:3      | 3371 ||| READING scroll labelled QUTYLE GUPU.
  3372 | D:3      | 3372 ||| READING 2 scrolls of identify.
  3372 | D:3      | 3372 ||| IDENTIFYING bubbling puce potion
  3373 | D:3      | 3373 ||| DROPPING potion of berserk rage.
  3379 | D:4      | Noticed an ogre
  3386 | D:4      | Killed an ogre
  3387 | D:4      | Reached XP level 6. HP: 26/39 MP: 6/6
  3594 | D:4      | 3594 ||| READING scroll of enchant weapon.
  3594 | D:4      | 3594 ||| ENCHANTING +1 war axe.
  3608 | D:4      | Noticed Pargi
  3609 | D:4      | 3609 ||| Stepping ~*~*~tactically~*~*~ (stealth).
  3625 | D:4      | Killed Pargi
  3747 | D:4      | Found a glowing golden altar of the Shining One.
  3936 | D:4      | 3936 ||| DROPPING +0 whip of venom.
  3954 | D:4      | Reached skill level 6 in Axes
  3954 | D:4      | HP: 2/39 [gnoll/+0 spear (10)]
  3955 | D:4      | 3955 ||| READING scroll of teleportation.
  3955 | D:4      | Slain by a gnoll

Levels and vault maps discovered:
D:1:      dpeg_arrival_ternary, layout_basic,
          dreamdust_ecumenical_altar_hidden_monk_grotto, minmay_pentomino_v4
D:2:      minmay_evil_eye, layout_basic
D:3:      layout_loops_ring, mainiacjoe_overflow_24_doors, grunt_ministairs_11,
          uniq_jessica, uniq_ijyb
D:4:      layout_basic, nicolae_overflow_hidden_temple,
          nicolae_tso_swordbearing_angel, uniq_pargi, uniq_pikel

Skill      XL: |  1  2  3  4  5  6 |
---------------+-------------------+-----
Axes           | 2 3 4 5 6 |  6.0
Fighting       | 4 |  4.4
Armour         | |  3.2
Shields        | |  3.2

Action                   |  1- 3 |  4- 6 || total
-------------------------+-------+-------++-------
Melee: War axe           |    93 |   156 ||   249
  Use: Scroll            |     5 |     7 ||    12
       Potion            |       |     2 ||     2
Armor: Scale mail        |    50 |    71 ||   121
       Chain mail        |       |    30 ||    30
Dodge: Dodged            |    38 |    73 ||   111
Block: Buckler           |    13 |    24 ||    37

Table legend:
 A = Non-vault XP
 B = Vault XP
 C = Vault XP percentage of total XP
 D = Non-vault monster count
 E = Vault monster count
 F = Vault count percentage of total count
                 A         B        C        D         E       F
            +---------+---------+-------+---------+---------+-------
      Total |     327 |     254 |  43.7 |      62 |      14 |  18.4
            +---------+---------+-------+---------+---------+-------
        D:1 |      23 |       6 |  20.7 |      14 |       4 |  22.2
        D:2 |      62 |      48 |  43.6 |      22 |       6 |  21.4
        D:3 |      52 |      75 |  59.1 |      18 |       3 |  14.3
        D:4 |     190 |     125 |  39.7 |       8 |       1 |  11.1
            +---------+---------+-------+---------+---------+-------
